 Dungeon Crawl Stone Soup version 0.26-a0-84-g8c18429211 (webtiles) character file.

Game seed: 12326808539274767232

103242 MrRokkomies the Nimble (level 15, -2/77 HPs)
             Began as a Spriggan Enchanter on June 16, 2020.
             Was the Champion of Kikubaaqudgha.
             Killed from afar by a shock serpent (17 damage)
             ... with a bolt of electricity
             ... on level 1 of the Snake Pit on June 18, 2020.
             The game lasted 02:45:09 (43955 turns).

MrRokkomies the Nimble (Spriggan Enchanter)        Turns: 43955, Time: 02:45:12

Health: -2/77      AC:  8    Str:  5    XL:     15   Next: 88%
Magic:  5/32       EV: 30    Int: 21    God:    Kikubaaqudgha [******]
Gold:   350        SH: 13    Dex: 18    Spells: 1/39 levels left

rFire    + . .     SeeInvis +   a - +7 captain's cutlass {speed, disarm}
rCold    + . .     Gourm    .   c - +0 buckler {reflect}
rNeg     . . .     Faith    .   B - +0 robe {rC+ rF+}
rPois    +         Spirit   .   (helmet restricted)
rElec    .         Reflect  +   y - +1 cloak
rCorr    .         Harm     .   (gloves unavailable)
MR       ++...                  (boots unavailable)
Stlth    +++++.....             b - amulet of reflection
HPRegen  0.22/turn              F - ring of poison resistance
MPRegen  0.23/turn              X - +4 ring of protection

@: death channel, very quick
A: very small, unfitting armour, see invisible, herbivore, speed 3, slow
metabolism 2
a: Receive Corpses, Torment, Brand Weapon With Pain, Receive Necronomicon,
Renounce Religion


You were on level 1 of the Snake Pit.
You worshipped Kikubaaqudgha.
Kikubaaqudgha was exalted by your worship.
You were very hungry.

You visited 5 branches of the dungeon, and saw 25 of its levels.
You also visited: Gauntlet.

You collected 2716 gold pieces.
You spent 2366 gold pieces at shops.

Inventory:

Hand Weapons
 a - the +7 captain's cutlass (weapon) {speed, disarm}
   (You took it off a centaur warrior on level 11 of the Dungeon)

   Attacks with this weapon are significantly faster.
 I - a +2 dagger of venom
Missiles
 f - 24 boomerangs
 x - 27 poisoned darts (quivered)
Armour
 c - a +0 buckler of reflection (worn)
 y - a +1 cloak (worn)
 B - a +0 robe of resistance (worn)
Jewellery
 b - an amulet of reflection (around neck)
 v - an uncursed ring of resist corrosion
 E - a +4 ring of protection
 F - a ring of poison resistance (left hand)
 M - an uncursed ring of positive energy
 O - an uncursed ring of protection from cold
 S - the ring "Paogec" {rC+ Int+6}
   (You found it in a Gauntlet)

   [ring of intelligence]

   It affects your intelligence (+6).
   It protects you from cold.
 W - a +4 ring of slaying
 X - a +4 ring of protection (right hand)
Wands
 i - a wand of iceblast (11)
 t - a wand of flame (32)
 D - a wand of polymorph (43)
 J - a wand of disintegration (21)
 Q - a wand of paralysis (5)
 U - a wand of digging (4)
Scrolls
 d - 8 scrolls of blinking
 g - 5 scrolls of fear
 m - 9 scrolls of remove curse
 q - 3 scrolls of magic mapping
 w - 2 scrolls of fog
 z - 6 scrolls of teleportation
 L - a scroll of enchant weapon
 R - 3 scrolls of identify
 T - a scroll of enchant armour
 Z - a scroll of immolation
Potions
 e - 4 potions of brilliance
 h - 2 potions of berserk rage
 j - 2 potions of invisibility
 k - a potion of heal wounds
 l - 10 potions of curing
 n - 3 potions of stabbing
 p - 6 potions of might
 s - 3 potions of ambrosia
 u - 2 potions of lignification
 A - 3 potions of magic
 G - 3 potions of haste
Miscellaneous
 o - a phantom mirror
 r - a tin of tremorstones (3/3)
 K - a box of beasts
 P - a lightning rod (4/4)
Comestibles
 C - 29 rations


   Skills:
 + Level 8.3 Fighting
 + Level 10.0 Short Blades
 + Level 13.3 Dodging
 - Level 10.0 Stealth
 - Level 7.2 Shields
 * Level 12.7 Spellcasting
 * Level 12.3 Hexes
 - Level 12.0 Necromancy
 - Level 5.0 Earth Magic
 - Level 10.0 Evocations


You had one spell level left.
You knew the following spells:

 Your Spells              Type           Power        Failure   Level  Hunger
a - Dazzling Flash        Conj/Hex       #####.       1%          3    None
b - Blink                 Tloc           N/A          8%          2    None
c - Confusing Touch       Hex            ######..     1%          3    None
d - Tukima's Dance        Hex            ######..     1%          3    None
e - Discord               Hex            ######....   90%         8    #######
f - Animate Dead          Necr           N/A          1%          4    None
g - Dispel Undead         Necr           ######..     1%          4    None
h - Death Channel         Necr           ######....   5%          6    #####..
i - Borgnjor's Vile Clut  Necr/Erth      #####.....   4%          5    ####...

Your spell library contained the following spells:

 Spells                   Type           Power        Failure   Level  Hunger
 Animate Skeleton         Necr           N/A          1%          1    None
 Corona                   Hex            ######.      1%          1    None
 Pain                     Necr           ####         1%          1    None
 Sandblast                Erth           ####..       1%          1    None
 Foxfire                  Conj/Fire      ##..         4%          1    None
 Magic Dart               Conj           ##..         4%          1    None
 Shock                    Conj/Air       ##..         4%          1    None
 Summon Butterflies       Summ           ##......     4%          1    None
 Summon Small Mammal      Summ           ##..         4%          1    None
 Corpse Rot               Necr/Air       N/A          1%          2    None
 Ensorcelled Hibernation  Hex/Ice        #####.       1%          2    None
 Slow                     Hex            ######..     1%          2    None
 Sublimation of Blood     Necr           ######....   1%          2    None
 Inner Flame              Hex/Fire       #####...     1%          3    None
 Summon Guardian Golem    Hex/Summ       #####...     1%          3    None
 Vampiric Draining        Necr           ######....   1%          3    None
 Cause Fear               Hex            ######....   1%          4    None
 Leda's Liquefaction      Hex/Erth       #####.....   1%          4    None
 Agony                    Necr           ######..     1%          5    ####...
 Stone Arrow              Conj/Erth      ###...       5%          3    None
 Call Imp                 Summ           ##......     8%          2    None
 Poisonous Vapours        Pois/Air       ##....       8%          2    None
 Swiftness                Chrm/Air       ##......     8%          2    None
 Silence                  Hex/Air        #####.....   11%         5    ####...
 Summon Mana Viper        Hex/Summ       #####...     11%         5    ####...
 Yara's Violent Unravell  Hex/Tmut       #####.....   11%         5    ####...
 Excruciating Wounds      Chrm/Necr      #####.....   12%         5    ####...
 Call Canine Familiar     Summ           ##......     14%         3    None
 Conjure Flame            Conj/Fire      ##......     14%         3    None
 Frozen Ramparts          Ice            ##....       14%         3    None
 Mephitic Cloud           Conj/Pois/Air  ##......     14%         3    None
 Airstrike                Air            ##........   43%         4    None
 Ice Form                 Ice/Tmut       ##......     43%         4    None
 Sticky Flame             Conj/Fire      ##......     43%         4    None
 Summon Ice Beast         Ice/Summ       ##......     43%         4    None
 Summon Lightning Spire   Summ/Air       ##......     43%         4    None
 Simulacrum               Ice/Necr       #####.....   54%         6    #####..
 Bolt of Magma            Conj/Fire/Erth ###.......   56%         5    ####...
 Fireball                 Conj/Fire      ##........   80%         5    ####...
 Iron Shot                Conj/Erth      ###.......   95%         6    #####..
 Statue Form              Tmut/Erth      ###......    95%         6    #####..
 Conjure Ball Lightning   Conj/Air       ##........   100%        6    #####..
 Ring of Flames           Chrm/Fire      ##........   100%        7    #######
 Summon Hydra             Summ           ##........   100%        7    #######
 Shatter                  Erth           ####......   100%        9    #######


Dungeon Overview and Level Annotations

Branches:
Dungeon (15/15)            Temple (1/1) D:5            Lair (6/6) D:8
 Shoals (0/4) Lair:4        Snake (1/4) Lair:4        Slime (0/5) Lair:5
    Orc (2/2) D:9             Elf (0/3) Orc:2        Vaults (0/5) D:14
 Depths (0/5) D:15        Gauntlet (visited)

Altars:
Ashenzari
Cheibriados
Dithmenos
Elyvilon
Fedhas
Gozag
Hepliaklqana
Kikubaaqudgha
Makhleb
Nemelex Xobeh
Okawaru
Qazlal
Ru
Sif Muna
Trog
Uskayaw
Vehumet
Wu Jian
Xom
Yredelemnul
Zin
The Shining One
Beogh
Jiyva

Shops:
D:4 }   D:12 :   D:15 =   Orc:2 =:*([

Annotations:
D:8 1 runed translucent door
Lair:5 1 runed translucent door


Innate Abilities, Weirdness & Mutations

You are very small and have problems with some larger weapons.
You are too small for most types of armour.
You have supernaturally acute eyesight. (SInv)
You are a herbivore.
You cover ground extremely quickly.
You need to consume almost no food.


Message History

The anaconda bites the naga warrior but does no damage.
Casting: Death Channel (dangerous; 5% risk of failure)
Confirm with . or Enter, or press ? or * to list all spells.
Aiming: Borgnjor's Vile Clutch (dangerous; 4% risk of failure)
Press: ? - help, Shift-Dir - straight line, f - naga, p - naga warrior
Aim: a naga, wielding a +1 battleaxe of electrocution Zombie hands grab the shock serpent.
Zombie hands grab the naga.
The zombie hands constrict the naga.
The zombie hands constrict the shock serpent!
The naga warrior is no longer blind.
The shock serpent's electric aura discharges, shocking you!
The anaconda bites the naga!!
Your anaconda zombie bites the naga warrior!
Your anaconda zombie constricts the naga warrior.
The shock serpent shoots out a bolt of lightning at you!
The bolt of electricity hits you!
* * * LOW HITPOINT WARNING * * *
The bolt of electricity hits you!
You die...
Kikubaaqudgha rasps: "You have failed me!
Welcome... death!"

#.?....#
#......##
#.N.<...#
#S..N#.##
#N..(..#
##ZS....#
##.....###
#.....##
#...@##
#...##
#....
##...
#....
#....
...... ...


You could see 2 naga warriors, an anaconda (confused), a shock serpent
(clutched), a naga (clutched), a friendly +0 trident and a friendly anaconda
zombie.

Vanquished Creatures
  A tengu reaver (D:13)
  A frost giant (D:15)
  An orc warlord (Orc:2)
  A vampire knight (D:13)
  A minotaur (Gauntlet)
  Snorg (D:11)
  Harold (D:7)
  An ogre mage (D:13)
  A naga warrior (Lair:4)
  3 hydras
  2 catoblepae
  4 vault guards (D:14)
  6 centaur warriors
  Erica (Lair:2)
  2 two-headed ogres (D:12)
  6 death yaks
  A deep troll shaman (Lair:6)
  An orc high priest (Orc:1)
  A tengu warrior (D:13)
  A sixfirhy (Gauntlet)
  2 unseen horrors
  3 orc knights
  A wolf spider zombie (D:15)
  5 ugly things
  An oklob plant (Lair:6)
  4 orc sorcerers (Orc:2)
  3 deep elf magi
  4 cyclopes
  2 manticores
  A moth of wrath (shapeshifter) (D:14)
  4 centaur zombies
  3 elephants (Lair:6)
  Joseph (D:7)
  A guardian serpent (Lair:4)
  A moth of wrath (Gauntlet)
  3 merfolk sirens (Lair:4)
  A water nymph (shapeshifter) (D:13)
  6 black mambas
  A minotaur zombie (Gauntlet)
  A torpor snail (Lair:5)
  A gargoyle (D:13)
  9 spiny frogs
  15 rime drakes
  9 komodo dragons
  3 yaktaurs
  4 polar bears
  A merfolk (Lair:4)
  7 meliai
  A queen bee (D:9)
  5 trolls
  A hornet (D:13)
  5 dream sheep (Lair:5)
  9 blink frogs
  11 slime creatures
  12 hippogriffs
  10 flying skulls (Gauntlet)
  A centaur simulacrum (D:13)
  A redback (D:13)
  A vampire (D:13)
  A hog (shapeshifter) (D:11)
  4 hogs (D:9)
  11 wyverns
  Sigmund (D:4)
  A human (D:9)
  18 yaks
  6 wraiths
  15 fire bats (D:8)
  Grum (D:8)
  2 basilisks
  6 vampire mosquitoes
  10 steam dragons
  3 hungry ghosts
  Menkaure (D:7)
  A naga (Lair:4)
  3 acid dragons
  A warg (Orc:1)
  8 porcupines
  15 water moccasins
  23 orc warriors
  A swamp drake (D:9)
  7 ice beasts
  6 phantoms
  2 necrophages
  2 eyes of draining
  4 sky beasts
  A tengu (shapeshifter) (D:13)
  5 ogres
  43 wolves
  16 centaurs
  7 crocodiles
  6 big kobolds
  15 bullfrogs
  A wyvern zombie (D:7)
  7 scorpions
  3 wyvern skeletons
  43 killer bees
  2 wights
  2 howler monkeys
  A quasit (D:13)
  2 bullfrog zombies
  13 crimson imps
  23 orc priests
  7 hounds
  11 jellies
  7 centaur skeletons
  24 orc wizards
  4 bullfrog skeletons
  4 iguanas
  11 worker ants
  3 killer bee zombies
  A hound skeleton (D:11)
  Robin (D:2)
  2 howler monkey skeletons
  5 gnolls
  14 adders
  5 shadow imps
  An ufetubus (Gauntlet)
  5 oozes
  4 adder skeletons
  2 dart slugs (D:2)
  2 leopard geckos
  69 orcs
  3 ball pythons
  4 giant cockroaches
  7 goblins
  11 hobgoblins
  8 jackals
  19 kobolds
  7 quokkas
  A ball python skeleton (D:5)
  68 bats
  3 frilled lizards
  A giant cockroach zombie (D:5)
  A leopard gecko zombie (D:5)
  A quokka zombie (D:5)
  14 rats
864 creatures vanquished.

Vanquished Creatures (collateral kills)
  Rupert (D:15)
  A two-headed ogre (D:9)
  A centaur warrior (D:14)
  2 death yaks (Lair:6)
  An orc knight (Orc:1)
  3 oklob plants (Lair:6)
  2 elephants (Lair:6)
  A spiny frog (Lair:5)
  A troll (Orc:1)
  5 dream sheep (Lair:5)
  2 hippogriffs
  2 yaks
  2 wargs (Orc:1)
  2 water moccasins
  3 orc warriors
  7 wolves
  2 ogres
  3 crocodiles
  2 bullfrogs
  A wyvern zombie (D:13)
  An orc priest (Orc:1)
  2 adders (Lair:4)
  2 orcs (Orc:2)
  6 fungi
  5 plants
60 creatures vanquished.

Vanquished Creatures (others)
  3 dancing weapons
  An iguana (D:4)
  A worker ant (D:4)
  A gnoll (D:4)
  A demonic plant (Gauntlet)
  16 fungi
  12 plants
  10 toadstools (D:6)
45 creatures vanquished.

Grand Total: 969 creatures vanquished

Notes
Turn   | Place    | Note
-------+----------+-------------------------------------------
     0 | D:1      | MrRokkomies the Spriggan Enchanter began the quest for the
                  | Orb.
     0 | D:1      | Reached XP level 1. HP: 9/9 MP: 5/5
    73 | D:1      | Reached XP level 2. HP: 5/13 MP: 3/6
    81 | D:1      | Learned a level 2 spell: Ensorcelled Hibernation
   409 | D:1      | Reached XP level 3. HP: 16/16 MP: 8/8
  1368 | D:2      | Learned a level 3 spell: Confusing Touch
  1521 | D:2      | Reached skill level 5 in Stealth
  2014 | D:2      | Reached XP level 4. HP: 15/21 MP: 9/9
  2240 | D:2      | Noticed Robin
  2244 | D:2      | Killed Robin
  2719 | D:3      | Reached skill level 4 in Dodging
  2719 | D:3      | Reached skill level 5 in Hexes
  2719 | D:3      | Reached XP level 5. HP: 10/24 MP: 3/10
  4053 | D:3      | Found a faded altar of an unknown god.
  4129 | D:4      | Reached XP level 6. HP: 28/28 MP: 11/11
  4224 | D:4      | Reached skill level 1 in Shields
  4270 | D:4      | Noticed Sigmund
  4277 | D:4      | Killed Sigmund
  4277 | D:4      | Reached XP level 7. HP: 32/32 MP: 12/12
  4838 | D:4      | Learned a level 3 spell: Dazzling Flash
  4957 | D:4      | Found Cegykaff's Gadget Shop.
  5203 | D:4      | Found a shimmering altar of Xom.
  5931 | D:5      | Entered Level 5 of the Dungeon
  6275 | D:4      | Reached XP level 8. HP: 19/36 MP: 7/13
  6883 | D:5      | Found a staircase to the Ecumenical Temple.
  6892 | Temple   | Entered the Ecumenical Temple
  6987 | Temple   | Became a worshipper of Kikubaaqudgha
  7110 | D:5      | Reached skill level 5 in Short Blades
  7438 | D:5      | Found a burning altar of Makhleb.
  8695 | D:6      | Reached * piety under Kikubaaqudgha
  8695 | D:6      | Identified Kikubaaqudgha's Collected Works on Sinister
                  | Rituals (Kikubaaqudgha gifted it to you on level 6 of the
                  | Dungeon)
  8695 | D:6      | Received a gift from Kikubaaqudgha
  8811 | D:6      | Learned a level 3 spell: Tukima's Dance
  9648 | D:6      | Reached XP level 9. HP: 39/39 MP: 13/17
  9681 | D:6      | Reached skill level 5 in Spellcasting
 10469 | D:7      | Noticed Harold
 10507 | D:7      | Reached ** piety under Kikubaaqudgha
 10759 | D:7      | Reached skill level 5 in Shields
 10990 | D:7      | Killed Harold
 11030 | D:7      | Noticed Joseph
 11061 | D:7      | Killed Joseph
 11065 | D:7      | Reached skill level 10 in Stealth
 11195 | D:7      | Reached XP level 10. HP: 42/44 MP: 17/20
 11550 | D:7      | Noticed Menkaure
 11675 | D:7      | Killed Menkaure
 11675 | D:7      | Reached skill level 1 in Fighting
 12524 | D:8      | Found a staircase to the Lair.
 12753 | D:8      | Found a shimmering altar of Xom.
 12787 | D:8      | Found a runed translucent door.
 12792 | D:8      | Learned a level 3 spell: Vampiric Draining
 13117 | D:8      | Found a radiant altar of Vehumet.
 13223 | D:8      | Reached *** piety under Kikubaaqudgha
 13223 | D:8      | Identified Kikubaaqudgha's Incunabulum of Dark Rituals
                  | (Kikubaaqudgha gifted it to you on level 8 of the Dungeon)
 13223 | D:8      | Received a gift from Kikubaaqudgha
 13235 | D:8      | Learned a level 4 spell: Animate Dead
 13315 | D:8      | Noticed a flayed ghost
 13326 | D:8      | Found a snail-covered altar of Cheibriados.
 13475 | D:8      | Reached skill level 1 in Necromancy
 13655 | D:8      | Found a white marble altar of Elyvilon.
 13781 | D:8      | Reached skill level 10 in Hexes
 13901 | D:8      | Found a basalt altar of Yredelemnul.
 14022 | D:8      | Reached **** piety under Kikubaaqudgha
 14263 | D:8      | Found an ornate altar of the Wu Jian Council.
 14469 | D:8      | Reached XP level 11. HP: 27/53 MP: 19/21
 14665 | D:8      | Noticed Grum
 14786 | D:8      | Killed Grum
 15039 | Lair:1   | Entered Level 1 of the Lair of Beasts
 15380 | Lair:1   | Reached skill level 5 in Fighting
 15959 | Lair:1   | Reached skill level 5 in Necromancy
 15965 | Lair:1   | Learned a level 4 spell: Dispel Undead
 16224 | Lair:1   | Reached skill level 1 in Evocations
 16251 | Lair:1   | Reached skill level 5 in Dodging
 17341 | Lair:2   | Reached skill level 6 in Dodging
 17551 | Lair:2   | Noticed a six-headed hydra
 17786 | Lair:2   | Killed a six-headed hydra
 18106 | Lair:2   | Reached skill level 7 in Dodging
 18106 | Lair:2   | Reached XP level 12. HP: 42/60 MP: 17/22
 18267 | Lair:2   | Noticed a catoblepas
 18279 | Lair:2   | Killed a catoblepas
 18657 | Lair:2   | Noticed Erica
 18665 | Lair:2   | Killed Erica
 18665 | Lair:2   | Reached ***** piety under Kikubaaqudgha
 18665 | Lair:2   | Reached skill level 8 in Dodging
 19095 | Lair:3   | Reached skill level 10 in Short Blades
 19097 | Lair:3   | Upgraded the game from 0.26-a0-83-g7ccd015ce0 to
                  | 0.26-a0-84-g8c18429211
 19193 | Lair:3   | Reached skill level 9 in Dodging
 19261 | Lair:2   | Reached skill level 5 in Evocations
 19797 | Lair:3   | HP: 3/60 [rime drake/flash freeze (17)]
 19804 | Lair:3   | Reached skill level 10 in Dodging
 20208 | Lair:3   | Found an iron altar of Okawaru.
 20575 | Lair:3   | Reached skill level 11 in Dodging
 21096 | Lair:4   | Found a staircase to the Shoals.
 21181 | Lair:4   | Reached XP level 13. HP: 33/63 MP: 17/23
 21921 | Lair:4   | Found a staircase to the Snake Pit.
 22879 | Lair:5   | Found a runed translucent door.
 22884 | Lair:5   | Found a viscous altar of Jiyva.
 22884 | Lair:5   | Found a staircase to the Slime Pits.
 22884 | Lair:5   | Noticed an acid blob
 23968 | Lair:6   | Entered Level 6 of the Lair of Beasts
 24667 | Lair:6   | Reached skill level 10 in Necromancy
 25109 | Lair:6   | Reached ****** piety under Kikubaaqudgha
 26446 | Lair:6   | Learned a level 6 spell: Death Channel
 26922 | D:9      | Reached XP level 14. HP: 62/70 MP: 24/28
 27742 | D:9      | Found a staircase to the Orcish Mines.
 28704 | D:9      | Reached skill level 10 in Spellcasting
 29027 | Orc:1    | Entered Level 1 of the Orcish Mines
 29114 | Orc:1    | Learned a level 5 spell: Borgnjor's Vile Clutch
 29115 | Orc:2    | Entered Level 2 of the Orcish Mines
 29724 | Orc:1    | Reached skill level 1 in Earth Magic
 30000 | Orc:2    | Found a staircase to the Elven Halls.
 30666 | Orc:2    | Found Vioned's Jewellery Boutique.
 30744 | Orc:2    | Noticed an orc warlord
 30769 | Orc:2    | Killed an orc warlord
 31894 | Orc:2    | Found a roughly hewn altar of Beogh.
 31913 | Orc:2    | Found Warchye's Book Emporium.
 32028 | Orc:2    | Found Qisohops's Antique Armour Emporium.
 32101 | Orc:2    | Found Ifirgh's General Store.
 32107 | Orc:2    | Bought a ration for 70 gold pieces
 32107 | Orc:2    | Bought 2 potions of curing for 84 gold pieces
 32107 | Orc:2    | Bought a ration for 70 gold pieces
 32115 | Orc:2    | Found Ranlaup's Antique Weapon Emporium.
 32280 | Orc:2    | Bought a book of Hexes for 750 gold pieces
 32280 | Orc:2    | Bought a book of Minor Magic for 300 gold pieces
 32378 | D:10     | Entered Level 10 of the Dungeon
 32965 | D:10     | Reached skill level 10 in Evocations
 33893 | D:11     | Noticed Snorg
 33909 | D:11     | Killed Snorg
 34052 | D:11     | You fall into a shaft and drop 2 floors!
 34055 | D:13     | Found a gate leading to a gauntlet.
 34081 | Gauntlet | Entered a Gauntlet
 34081 | Gauntlet | Found a transporter.
 34097 | Gauntlet | Found a transporter.
 34099 | Gauntlet | Found a transporter.
 34108 | Gauntlet | Found a transporter.
 34110 | Gauntlet | Found a transporter.
 34114 | Gauntlet | Found a runed translucent door.
 34114 | Gauntlet | Found a runed translucent door.
 34118 | Gauntlet | Found a transporter.
 34133 | Gauntlet | Found a transporter.
 34137 | Gauntlet | Found a runed translucent door.
 34144 | Gauntlet | Found a transporter.
 34154 | Gauntlet | Found a transporter.
 34170 | Gauntlet | Found a transporter.
 34185 | Gauntlet | Found a transporter.
 34186 | Gauntlet | Found a transporter.
 34231 | Gauntlet | Noticed a reaper
 34250 | Gauntlet | Found a transporter.
 34253 | Gauntlet | Found a transporter.
 34498 | Gauntlet | Got a vibrating bronze ring
 34507 | Gauntlet | Identified the ring "Paogec" {rC+ Int+6} (You found it in a
                  | Gauntlet)
 34705 | Gauntlet | Identified Sif Muna's Disquisition on Aid and Stones
 35021 | D:13     | Reached skill level 5 in Earth Magic
 35242 | D:13     | Noticed a vampire knight
 35268 | D:13     | Killed a vampire knight
 36332 | D:13     | Reached skill level 12 in Dodging
 36558 | D:13     | Reached XP level 15. HP: 75/75 MP: 26/30
 36777 | D:13     | Learned a level 2 spell: Blink
 36971 | D:13     | Noticed a tengu reaver
 36974 | D:13     | Killed a tengu reaver
 37849 | D:14     | Found a basalt altar of Yredelemnul.
 37852 | D:14     | Identified the Disquisition on Air and Ice
 37898 | D:14     | Found a shadowy altar of Dithmenos.
 38879 | D:14     | Found a gate to the Vaults.
 39300 | D:15     | Entered Level 15 of the Dungeon
 39300 | D:15     | Found Xosuwoty's Jewellery Shop.
 39306 | D:15     | Bought a +4 ring of slaying for 1092 gold pieces
 39595 | D:15     | Found a staircase to the Depths.
 39595 | D:15     | Noticed a frost giant
 39612 | D:15     | Killed a frost giant
 39936 | D:15     | Noticed Rupert
 39950 | D:15     | Killed Rupert
 40053 | D:15     | Learned a level 8 spell: Discord
 40472 | D:15     | Found a blossoming altar of Fedhas.
 40982 | D:12     | Reached skill level 13 in Dodging
 41209 | D:12     | Found Kuq Icic's Book Boutique.
 43495 | Snake:1  | Entered Level 1 of the Snake Pit
 43955 | Snake:1  | Killed from afar by a shock serpent

Illustrated notes

Levels and vault maps discovered:
D:1:      nzn_arrival_water_spiral, layout_basic, chequers_jeans
D:2:      layout_rooms, first_ration, minmay_increasing_density, uniq_robin
D:3:      layout_loops_ring, chequers_ecumenical_altar_grove,
          grunt_ministairs_15
D:4:      layout_basic, serial_shops, kennysheep_little_box,
          xom_confusion_cloud, uniq_sigmund
D:5:      layout_layer_cave, nicolae_overflow_crystal_walls,
          minmay_temple_entry_sparse_star, portal_sewer_entry_c
D:6:      cheibrodos_fertilizer, layout_cave_pools
D:7:      layout_basic, uniq_menkaure, uniq_joseph, uniq_harold
D:8:      due_megacathedral, layout_cave_pods, lair_entry_dummy, uniq_grum
D:9:      layout_roguey [special_room_bee], erik_orc_1, grunt_livestock,
          minmay_fractal_squares_gapless_5
D:10:     layout_gridville, minmay_starry_boxes
D:11:     minmay_the_grid_triangle_9x9_rhombus_full_mashed
          [minmay_the_grid_triangle_9x9_zippers_vertical,
          minmay_the_grid_triangle_9x9_from_above,
          minmay_the_grid_triangle_9x9_empty,
          minmay_the_grid_triangle_9x9_negative_grid,
          minmay_the_grid_triangle_9x9_odd_lines,
          minmay_the_grid_triangle_9x9_flanged_cone,
          minmay_the_grid_triangle_9x9_wacky_v,
          minmay_the_grid_triangle_9x9_prize_schism], layout_loops_corners,
          minmay_misc_feat_tiny, uniq_snorg
D:12:     kennysheep_room_grid, layout_loops_cross, serial_shops,
          nicolae_shop_temple_entry_statues_fountains
D:13:     minmay_octo_star, layout_basic, gauntlet_entry_generic
D:14:     layout_loops_ring, lightli_vaults_fourway_checkpoint,
          grunt_dithmenos_smoke, basic_altar
D:15:     grunt_enter_depths_snipers, layout_small_grid,
          minmay_shop_enchanted_jewellery, fedhas_altar_fruit_tree, uniq_rupert
Temple:   grunt_wide_crystal_templ
Lair:1:   layout_hall_layers, lightli_volcano_entry_magma_tube,
          grunt_forest_large_clearings, lemuel_fruit_fields
Lair:2:   layout_cave_pods, uniq_erica
Lair:3:   layout_small_grid, basic_altar, bobbens_dragon_lair_wall
Lair:4:   layout_loops_ring, elwin_shoals_entry_stream,
          minmay_snake_entry_six_corridors
Lair:5:   layout_loops_ring, slime_altar_2, beast_lair_carwin_3
Lair:6:   grunt_lair_end_beastmaster, layout_regular_city, dpeg_oklob_1,
          lemuel_fruit_tree
Snake:1:  layout_cave_shapes
Orc:1:    layout_diamond_mine
Orc:2:    grunt_orc_cross, layout_diamond_mine, serial_shops, shop,
          statue_in_the_mist_lemuel

Skill      XL: |  1  2  3  4  5  6  7  8  9 10 11 12 13 14 15 |
---------------+----------------------------------------------+-----
Hexes          | 4 5 6 7 8 9 10 12 | 12.3
Short Blades   | 2 3 4 5 6 8 9 10 | 10.0
Stealth        | 5 6 7 8 10 | 10.0
Dodging        | 4 7 11 12 13 | 13.3
Shields        | 1 3 4 5 6 7 |  7.2
Spellcasting   | 4 6 9 10 12 | 12.7
Fighting       | 4 5 6 7 8 |  8.3
Necromancy     | 2 6 8 10 12 | 12.0
Evocations     | 3 6 9 10 | 10.0
Earth Magic    | 5 |  5.0

Action                   |  1- 3 |  4- 6 |  7- 9 | 10-12 | 13-15 || total
-------------------------+-------+-------+-------+-------+-------++-------
Melee: Dagger            |   140 |   149 |   767 |  1258 |  3073 ||  5387
       Short sword       |    26 |     7 |       |       |    48 ||    81
       Cutlass           |       |       |       |       |    36 ||    36
Throw: Dart              |       |       |    32 |    29 |    32 ||    93
       Boomerang         |       |       |     4 |     2 |       ||     6
 Cast: Corona            |     3 |       |       |       |       ||     3
       Ensorcelled Hiber |     3 |    16 |    75 |   148 |    43 ||   285
       Confusing Touch   |       |       |    10 |    40 |   122 ||   172
       Dazzling Flash    |       |       |    11 |     3 |    60 ||    74
       Animate Dead      |       |       |       |    13 |    31 ||    44
       Tukima's Dance    |       |       |       |       |    35 ||    35
       Dispel Undead     |       |       |       |       |    13 ||    13
       Borgnjor's Vile C |       |       |       |       |    14 ||    14
       Death Channel     |       |       |       |       |     3 ||     3
       Blink             |       |       |       |       |     1 ||     1
Invok: Receive Corpses   |       |       |       |       |     2 ||     2
Evoke: Wand              |       |       |     2 |     4 |    14 ||    20
       Box of beasts     |       |       |       |       |     3 ||     3
  Use: Scroll            |     7 |     2 |     9 |     9 |    14 ||    41
       Potion            |       |       |     6 |     2 |     7 ||    15
 Stab: Sleeping          |    10 |    31 |    47 |    95 |    71 ||   254
       Confused          |       |       |    12 |    48 |   149 ||   209
       Invisible         |       |       |     6 |     1 |    49 ||    56
       Distracted        |       |       |       |     7 |    12 ||    19
       Held in net/web   |       |       |       |     2 |       ||     2
  Eat: Ration            |       |     1 |     6 |     8 |    17 ||    32
Armor: Robe              |    16 |     3 |    71 |   130 |   140 ||   360
Dodge: Dodged            |   168 |   101 |   397 |   756 |  1265 ||  2687
Block: Buckler           |       |       |   253 |   842 |  1229 ||  2324
       Reflection        |       |       |     1 |     6 |    29 ||    36

Table legend:
 A = Non-vault XP
 B = Vault XP
 C = Vault XP percentage of total XP
 D = Non-vault monster count
 E = Vault monster count
 F = Vault count percentage of total count
                 A         B        C        D         E       F
            +---------+---------+-------+---------+---------+-------
      Total |   72481 |   75008 |  50.9 |     584 |     329 |  36.0
            +---------+---------+-------+---------+---------+-------
        D:1 |      62 |       0 |   0.0 |      20 |       0 |   0.0
        D:2 |      34 |      43 |  55.8 |      12 |      10 |  45.5
        D:3 |     167 |      14 |   7.7 |      30 |       5 |  14.3
        D:4 |     574 |     339 |  37.1 |      19 |       3 |  13.6
        D:5 |     793 |       8 |   1.0 |      28 |       5 |  15.2
        D:6 |     461 |    1152 |  71.4 |      17 |      18 |  51.4
        D:7 |     822 |    1630 |  66.5 |      21 |       3 |  12.5
        D:8 |    4098 |    1923 |  31.9 |      95 |      12 |  11.2
        D:9 |    1203 |    4240 |  77.9 |      17 |      50 |  74.6
       D:10 |    1710 |     395 |  18.8 |      32 |       5 |  13.5
       D:11 |    4530 |    6163 |  57.6 |      45 |      20 |  30.8
       D:12 |    2452 |    2676 |  52.2 |      12 |      12 |  50.0
       D:13 |    7472 |    7595 |  50.4 |      32 |      12 |  27.3
       D:14 |   10626 |    5494 |  34.1 |      40 |      12 |  23.1
       D:15 |    4493 |    4401 |  49.5 |      13 |       4 |  23.5
     Lair:1 |    3641 |    3204 |  46.8 |      16 |      31 |  66.0
     Lair:2 |    5742 |    2192 |  27.6 |      24 |       7 |  22.6
     Lair:3 |    3991 |    4932 |  55.3 |      18 |      17 |  48.6
     Lair:4 |    2722 |    2991 |  52.4 |       9 |      17 |  65.4
     Lair:5 |    6313 |    2398 |  27.5 |      34 |       5 |  12.8
     Lair:6 |    6156 |   10116 |  62.2 |      18 |      22 |  55.0
      Orc:1 |    2716 |    2157 |  44.3 |      17 |       8 |  32.0
      Orc:2 |    1703 |    5364 |  75.9 |      15 |      31 |  67.4
   Gauntlet |       0 |    5581 | 100.0 |       0 |      20 | 100.0
            +---------+---------+-------+---------+---------+-------
